 Dungeon Crawl Stone Soup version 0.27-a0-1245-g940ed4fa31 (webtiles) character file.

Game seed: 6541272014951215152

119 Snikeer the Magician (level 5, 0/40 HPs)
             Began as a Djinni Ice Elementalist on June 9, 2021.
             Was a Follower of Uskayaw.
             Slain by Sigmund
             ... wielding a +0 antimagic scythe
              (2 damage)
             ... on level 2 of the Dungeon.
             The game lasted 00:06:49 (4306 turns).

Snikeer the Magician (Djinni Ice Elementalist)      Turns: 4306, Time: 00:06:49

Health: 0/40       AC:  8    Str:  7    XL:     5   Next: 23%
Gold:   120        EV: 12    Int: 18    God:    Uskayaw [*.....] SH:  0 Dex: 13

rFire    + + .     SeeInvis .   d - +0 whip
rCold    x . .     Faith    .   (no shield)
rNeg     . . .     Spirit   .   a - +0 robe
rPois    ∞         Reflect  .   (no helmet)
rElec    .         Harm     .   g - scarf {repulsion}
rCorr    .         Rampage  .   (no gloves)
Will     .....                  (boots unavailable)
Stlth    ++........             (no amulet)
HPRegen  0.13/turn              (no ring)
MPRegen  0.00/turn              (no ring)

@: ice-armoured, flying, very slightly contaminated, repel missiles
A: sickness immunity, fire resistance 2, cold vulnerability 1, float, innate
caster, hp casting, extra vitality 1
a: Renounce Religion, Stomp


You were on level 2 of the Dungeon.
You worshipped Uskayaw.
Uskayaw was noncommittal.
You visited 1 branch of the dungeon, and saw 2 of its levels.

You collected 120 gold pieces.

Inventory:

Hand Weapons
 d - a +0 whip (weapon)
   (You found it on level 1 of the Dungeon)
Missiles
 b - 6 javelins (quivered)
 e - 46 arrows
 s - 75 stones
Armour
 a - a +0 robe (worn)
 g - a scarf of repulsion (worn)
   (You found it on level 1 of the Dungeon)
 o - a +0 helmet
   (You took it off Robin on level 2 of the Dungeon)
 p - a +0 buckler
   (You took it off a goblin on level 2 of the Dungeon)
Jewellery
 n - a ring of magical power {MP+9}
   (You found it on level 2 of the Dungeon)
Scrolls
 i - a scroll of fog {unknown}
 j - a scroll of noise {unknown}
 l - a scroll of teleportation {unknown}
Potions
 c - a potion of heal wounds {unknown}
 f - a potion of haste {unknown}
 h - a potion of brilliance {unknown}
 k - a potion of curing {unknown}
 m - 2 potions of flight {unknown}


   Skills:
 + Level 3.0 Fighting
 - Level 2.4 Dodging
 - Level 1.8 Stealth
 - Level 4.0 Spellcasting


You couldn't memorise any spells.
You knew the following spells:

 Your Spells              Type           Power      Damage    Failure   Level
a - Freeze                Ice            72%        1d9       2%          1
b - Frozen Ramparts       Ice            36%        1d5       9%          3
c - Hailstorm             Conj/Ice       18%        3d6       28%         4
d - Metabolic Englaciati  Hex/Ice        9%         N/A       61%         5
e - Magic Dart            Conj           72%        1d6       2%          1
f - Wereblood             Tmut           18%        N/A       4%          2
A - Ozocubu's Armour      Ice            18%        N/A       9%          3
Your spell library was empty.

Dungeon Overview and Level Annotations

Branches:
Dungeon (2/15)

Altars:
Uskayaw

Annotations:
D:2 Sigmund


Innate Abilities, Weirdness & Mutations

You are immune to sickness and miasma.
You are immune to poison.
Your flesh is very heat resistant. (rF++)
You are vulnerable to cold. (rC-)
You float through the air rather than walking.
You learn spells naturally, not from books.
Your magical power is your life essence.
You have superior vitality. (+4 HP)


Message History

You hit the giant cockroach.
Your Fighting skill increases to level 3!
No target in view!
No target in view!
There is an open door here.
There is a stone staircase leading up here.
You see here a +0 dagger.
Items here: ))) [.
You see here a +0 dagger.
You see here a +0 dagger.
Items here: ))) [.
You see here a +0 dagger.
There is a stone staircase leading up here.
Partly explored, can't reach some items.
Health restored: 40 The goblin shouts!
You barely miss the goblin. The goblin barely misses you.
You closely miss the goblin. The goblin closely misses you.
You barely miss the goblin. The goblin barely misses you.
You hit the goblin.
No target in view!
No target in view!
No target in view!
You see here a +0 dagger.
Really fly into a travel-excluded area?
You see here a +0 dagger.
You now have 120 gold pieces (gained 14).
Done exploring.
Done exploring.
Done exploring.
Done exploring.
There is a shaft here.
There is a faded altar of an unknown god here.
You cannot tell which god this altar belongs to.
Convert to them anyway?
Okay, then.
You cannot tell which god this altar belongs to.
Convert to them anyway?
Uskayaw accepts your prayer! Uskayaw welcomes you!
You can now stomp with the beat.
Done exploring.
There is a shaft here.
Sigmund shouts!
Sigmund is nearby!
You can't go down here!
Casting: Magic Dart (safe; 2% risk of failure)
Confirm with . or Enter, or press ? or * to list all spells.
You can't see any susceptible monsters within range! (Use Z to cast anyway.)
Casting: Magic Dart (safe; 2% risk of failure)
Confirm with . or Enter, or press ? or * to list all spells.
A film of ice covers your body!
You take 3 damage, and have 37/40 hp.
Casting: Ozocubu's Armour (dangerous; 9% risk of failure)
Confirm with . or Enter, or press ? or * to list all spells.
The walls around you are covered in ice.
You take 3 damage, and have 34/40 hp.
The wall freezes Sigmund.
Sigmund hits you from afar with a +0 antimagic scythe!
You take 9 damage, and have 25/40 hp.
MASSIVE DAMAGE!!
The wall freezes Sigmund.
Sigmund hits you from afar with a +0 antimagic scythe.
You take 3 damage, and have 22/40 hp.
The wall freezes Sigmund.
Sigmund barely misses you.
You can now pass through a line of other dancers.
The wall freezes Sigmund.
Sigmund gestures at you while chanting. The magic dart hits you.
You take 5 damage, and have 17/40 hp.
The wall freezes Sigmund.
Sigmund zaps a wand.
The puff of flame hits you. You resist. The heat melts your icy armour.
You take 1 damage, and have 16/40 hp.
The frozen ramparts melt away.
Sigmund zaps a wand.
The puff of flame misses you.
Sigmund zaps a wand.
The puff of flame hits you but does no damage.
The heat melts your icy armour.
Sigmund casts a spell.
Sigmund flickers and vanishes!
Deactivating autopickup; reactivate with Ctrl-A.
Casting: Frozen Ramparts (dangerous; 9% risk of failure)
Confirm with . or Enter, or press ? or * to list all spells.
You can't see any susceptible monsters within range! (Use Z to cast anyway.)
Casting: Frozen Ramparts (dangerous; 9% risk of failure)
Confirm with . or Enter, or press ? or * to list all spells.
You miscast Frozen Ramparts.
You are very lightly contaminated with residual magic.
You are caught in an explosion of ice and frost!
You feel a terrible chill!
* * * LOW HITPOINT WARNING * * *
x2 You hear some strange, mumbled words.
A puff of flame appears from out of thin air!
The puff of flame hits you. You resist.
* * * LOW HITPOINT WARNING * * *
The heat melts your icy armour.
You take 15 damage, and have 1/40 hp.
MASSIVE DAMAGE!!
Something hits you but does no damage. Something hits you but does no damage.
Something hits you but does no damage.
You can no longer pass through a line of other dancers.
Something hits you.
You die...

.)..............'.........'..###.
..########...#.##.........####_#.
#.# ##.##@###.......## #^#. #.#
####.####.....## #.## #.#
#...........## #..# ..#
#...######.## ##.# #.# #...# #)#
######.. #.#
#####>{######.####...##.# #.#
#.......@............##.# ..#
#.###..........###......# ### #.#
#.###.......######### # #.#
#..........## # #.# #####...#.##
#.# #.##### #.#######.#
#.........# ###########


There were no monsters in sight!

Vanquished Creatures
  Robin (D:2)
  A gnoll (D:1)
  3 adders (D:2)
  2 worms (D:2)
  2 dart slugs
  7 ball pythons
  4 bats (D:1)
  2 endoplasms (D:2)
  2 giant cockroaches (D:2)
  11 goblins (D:2)
  5 hobgoblins
  8 quokkas
  6 frilled lizards
  3 kobolds
  4 rats
61 creatures vanquished.

Notes
Turn   | Place    | Note
-------+----------+-------------------------------------------
     0 | D:1      | Snikeer the Djinni Ice Elementalist began the quest for the
                  | Orb.
     0 | D:1      | Reached XP level 1. HP: 15/15 MP: 0/0
   238 | D:1      | Reached XP level 2. HP: 15/21 MP: 0/0
  1202 | D:1      | Reached XP level 3. HP: 25/26 MP: 0/0
  1202 | D:1      | Learned a level 1 spell: Magic Dart
  1385 | D:1      | Reached skill level 1 in Fighting
  1774 | D:2      | Noticed Sigmund
  2168 | D:2      | Found a faded altar of an unknown god.
  2199 | D:2      | Reached XP level 4. HP: 30/32 MP: 0/0
  2472 | D:2      | Reached skill level 2 in Fighting
  2494 | D:2      | Reached skill level 4 in Spellcasting
  3075 | D:2      | Noticed Robin
  3093 | D:2      | Killed Robin
  3094 | D:2      | Reached XP level 5. HP: 27/39 MP: 0/0
  3094 | D:2      | Learned a level 2 spell: Wereblood
  3833 | D:2      | Reached skill level 3 in Fighting
  4264 | D:2      | Became a worshipper of Uskayaw the Reveller
  4264 | D:2      | Reached * piety under Uskayaw
  4296 | D:2      | Reached ** piety under Uskayaw
  4302 | D:2      | HP: 4/40 [something (9)]
  4302 | D:2      | HP: 1/40 [something/puff of flame (3)]
  4306 | D:2      | Slain by Sigmund

Illustrated notes

Levels and vault maps discovered:
D:1:      dpeg_arrival_orchard, layout_basic, minmay_misc_feat_encased
D:2:      layout_loops_corners, hellmonk_ecumenical_altar_leap_of_faith,
          uniq_robin, uniq_sigmund

Skill      XL: |  1  2  3  4  5 |
---------------+----------------+-----
Fighting       | 1 2 3 |  3.0
Spellcasting   | 4 |  4.0
Dodging        | |  2.4
Stealth        | |  1.8

Action                   |  1- 3 |  4- 6 || total
-------------------------+-------+-------++-------
Melee: Whip              |    23 |    25 ||    48
 Cast: Freeze            |    44 |    33 ||    77
       Magic Dart        |     9 |     4 ||    13
       Frozen Ramparts   |       |     4 ||     4
       Ozocubu's Armour  |       |     2 ||     2
       Wereblood         |       |     1 ||     1
Armor: Robe              |    10 |    11 ||    21
Dodge: Dodged            |    36 |    33 ||    69

Table legend: (Time is in decaauts)
 A = Elapsed time spent in this place.
 B = Non-inter-level travel time spent in this place.
 C = Inter-level travel time spent in this place.
 D = Time resting spent in this place.
 E = Time spent auto-exploring this place.
 F = Levels seen in this place.
 G = Mean time per level.
                   A        B        C        D        E       F      G
               +--------+--------+--------+--------+--------+-----+--------+
         Total |   4312 |   4182 |    130 |      0 |   3688 |   2 | 2156.0 |
       Dungeon |   4312 |   4182 |    130 |      0 |   3688 |   2 | 2156.0 |
               +--------+--------+--------+--------+--------+-----+--------+

Top non-repeatable levels by time:
     D:2: 2512 daAuts
     D:1: 1799 daAuts

Table legend:
 A = Kills in this place as a percentage of kills in entire the game.
 B = Kills by you in this place as a percentage of kills by you in the entire game.
 C = Kills by friends in this place as a percentage of kills by friends in the entire game.
 D = Other kills in this place as a percentage of other kills in the entire game.
 E = Experience gained in this place as a percentage of experience gained in the entire game.
 F = Experience gained in this place divided by the number of levels of this place that you have seen.
                   A       B       C       D       E      F
               +-------+-------+-------+-------+-------+----------------------
         Total | 100.0 | 100.0 |   N/A |   N/A | 100.0 |  85.0
       Dungeon | 100.0 | 100.0 |   N/A |   N/A | 100.0 |  85.0
               +-------+-------+-------+-------+-------+----------------------
